AoeStats
← [Marty]TheEY

Black Forest

509049674Analyzed
4v4 RM · 8d ago on Sep 25, 2026· 19m 14s· 8 players
Game mode
Random Map
Map size
Large (8 player)
Population
200
Speed
Normal
Resources
Standard
Victory
Conquest
Starting age
Dark Age
Ending age
Imperial Age
RankedLock teamsTeams togetherTeam positionsShared explorationLock speedFull tech treeHidden civsTurbo modeCheats
Victory
Defeat
🇹🇼 Spanish · Taiwan
1507
+16
🇻🇳 Mongols · Vietnam
1468
+17
🇨🇳 Varangians · China
1444
+18
🇨🇳 Vikings · China
1435
+19
🇭🇰 Ethiopians · Hong Kong SAR China
1520
-18
🇬🇧 Danes · United Kingdom
1513
-18
🇬🇧 Huns · United Kingdom
1501
-18
🇧🇷 Sicilians · Brazil
1462
-16
菜就怪隊友
0:56 Loom
14:11 Feudal Age
DALAT_M<O>NGKHAN
5:02 Loom
9:57 Feudal Age
12:07 Double-Bit Axe
14:36 Castle Age
14:03 Gold Mining
15:42 Forging
FightFightFight
12:01 Feudal Age
16:06 Castle Age
15:48 Double-Bit Axe
15:44 Horse Collar
17:15 Bow Saw
拉拉机
11:04 Feudal Age
14:29 Castle Age
12:37 Double-Bit Axe
13:16 Horse Collar
15:51 Bow Saw
16:15 Heavy Plow
20:27 Wheelbarrow
Arnold Swartzeneger
10:55 Feudal Age
12:56 Horse Collar
15:22 Castle Age
13:16 Double-Bit Axe
15:32 Wheelbarrow
rizz
1:04 Loom
4:18 Loom
9:18 Feudal Age
9:55 Arson
9:57 Man-at-Arms
16:26 Fletching
16:41 Town Watch
18:48 Scale Mail Armor
[Marty]TheEY
11:30 Feudal Age
14:59 Castle Age
14:28 Loom
14:31 Double-Bit Axe
14:30 Horse Collar
PoopMaster
0:42 Loom
Connection lost

Rejoining the realm…

Still unreachable

The connection could not be restored.

Session expired

The server has moved on; the page needs a fresh start.